 Dungeon Crawl Stone Soup version 0.30-a0-913-g9934a0ce24 (webtiles) character file.

Game seed: 4870659762030758572

3105 bande the Cleaver (level 9, -5/55 HPs)
             Began as a Gargoyle Fighter on Mar 20, 2023.
             Was a Priest of Okawaru.
             Slain by an orc warrior
             ... wielding a +0 glaive
              (8 damage)
             ... in a bailey.
             The game lasted 00:17:59 (5989 turns).

bande the Cleaver (Gargoyle Fighter)                Turns: 5989, Time: 00:18:00

Health: -5/55      AC: 19    Str: 20    XL:     9   Next: 90%
Magic:  13/13      EV:  7    Int:  9    God:    Okawaru [***...]
Gold:   3285       SH:  8    Dex: 13    Spells: 8/8 levels left

rFire   . . .      SeeInvis +    a - +1 war axe (flame)
rCold   . . .      Faith    .    n - +3 warlock's mirror {omnireflect}
rNeg    + + .      Spirit   .    f - +0 chain mail
rPois   ∞          Reflect  +    h - +0 mask of the Dragon {Will+ Slay+3 SInv}
rElec   +          Rampage  .    (no cloak)
rCorr   .                        q - +1 pair of gloves
Will    ++...                    (no boots) Stlth
                                 c - amulet of regeneration
HPRegen 1.09/turn                o - ring of willpower
MPRegen 0.13/turn                r - ring of positive energy

@: on berserk cooldown, slowed, very slow
A: sickness immunity, AC +6, negative energy resistance 1, electricity
resistance, torment resistance 1, petrification resistance, MP-powered wands
a: Renounce Religion, Heroism


You were in a bailey.
You worshipped Okawaru.
Okawaru was most pleased with you.
You visited 2 branches of the dungeon, and saw 9 of its levels.
You also visited: Ossuary and Bailey.

You collected 3285 gold pieces.

Inventory:

Hand Weapons
 a - a +1 war axe of flaming (weapon)
Missiles
 j - a throwing net (quivered)
Armour
 f - a +0 chain mail (worn)
 h - the +0 mask of the Dragon (worn) {Will+ Slay+3 SInv}
   (You acquired it on level 2 of the Dungeon)

   Slay:      It affects your accuracy & damage with ranged weapons and melee
   (+3).
   SInv:      It lets you see invisible.
   Will:      It increases your willpower.
 n - the +3 warlock's mirror (worn) {omnireflect}
   (You acquired it on level 3 of the Dungeon)

   Omnireflect: It can block and reflect piercing ranged attacks and magical
   attacks against the wielder's willpower.
 q - a +1 pair of gloves (worn)
Jewellery
 c - an amulet of regeneration (around neck)
 o - a ring of willpower (left hand)
 r - a ring of positive energy (right hand)
Wands
 v - a wand of iceblast (5)
Scrolls
 i - 4 scrolls of teleportation
 m - a scroll of fear
 s - a scroll of magic mapping
 t - 4 scrolls of enchant armour
 u - a scroll of identify
 C - 2 scrolls of poison
Potions
 b - a potion of heal wounds
 d - 4 potions of might
 e - a potion of invisibility
 g - a potion of cancellation
 k - 2 potions of mutation
 l - a potion of curing
 p - 4 potions of brilliance
 z - a potion of resistance
 A - a potion of berserk rage
 B - 2 potions of ambrosia


   Skills:
 + Level 6.1 Fighting
 + Level 8.0 Axes
 + Level 6.4 Armour
 - Level 0.1 Stealth
 + Level 6.0 Shields
 * Level 5.4 Invocations
 * Level 3.2 Evocations


You had 8 spell levels left.
You didn't know any spells.
Your spell library contained the following spells:

 Spells                   Type           Power      Damage    Failure   Level
 Kiss of Death            Conj/Necr      0%         2d5       99%         1
 Ensorcelled Hibernation  Hex/Ice        0%         N/A       100%        2
 Confusing Touch          Hex            0%         N/A       100%        3
 Spider Form              Tmut/Pois      0%         N/A       100%        3
 Anguish                  Hex/Necr       0%         N/A       100%        4
 Dispel Undead            Necr           0%         3d6       100%        4


Dungeon Overview and Level Annotations

Branches:
Dungeon (8/15)             Temple (1/1) D:4         Ossuary (visited)
 Bailey (1/1)
   Lair: D:8-11

Altars:
Cheibriados
Dithmenos
Elyvilon
Gozag
Hepliaklqana
Kikubaaqudgha
Makhleb
Nemelex Xobeh
Okawaru
Ru
Sif Muna
Uskayaw
Wu Jian
Xom
Yredelemnul
The Shining One

Annotations:
Temple 2 transporters


Innate Abilities, Weirdness & Mutations

You are immune to sickness and miasma.
Your stone body is resilient. (AC +6)
You are immune to poison.
You resist negative energy. (rN+)
You are resistant to electric shocks. (rElec)
You are resistant to unholy torment.
You are immune to petrification.
You expend magic power (3 MP) to strengthen your wands.


Message History

You closely miss the orc warrior.
The orc warrior is almost dead.
The orc shouts!
You slash the orc warrior! You burn the orc warrior.
You kill the orc warrior!
Okawaru accepts your kill. You block the orc warrior's attack.
Your Axes skill increases to level 8!
Your Shields skill increases to level 6!
You block the orc warrior's attack.
Things that are here:
a +0 trident; a +0 chain mail You feel a strong urge to attack something.
You are no longer berserk.
You are exhausted.
You feel yourself slow down.
An orc warrior comes into view. It is wielding a +0 glaive.
The orc warrior shouts!
The orc barely misses you. The orc hits you but does no damage.
The orc warrior hits you from afar with a +0 glaive.
You block the orc's attack. You block the orc warrior's attack.
The orc warrior hits you from afar with a +0 glaive.
* * * LOW HITPOINT WARNING * * *
The orc hits you but does no damage. You block the orc warrior's attack.
The orc hits you but does no damage. The orc warrior completely misses you.
You hit the orc warrior. You burn the orc warrior.
The orc warrior is lightly wounded.
You hit the orc but do no damage. You block the orc warrior's attack.
You block the orc's attack. The orc warrior completely misses you.
The orc hits you but does no damage.
The orc warrior hits you with a +0 glaive!
* * * LOW HITPOINT WARNING * * *
The orc warrior hits you but does no damage.
You slash the orc warrior! You burn the orc warrior.
The orc warrior is moderately wounded.
You hit the orc but do no damage.
The orc warrior hits you from afar with a +0 glaive!
You die...

≈..⌠.⌠..≈.≈≈.≈.#
...∩∩∩..≈.)..≈.#..+
≈..⌠.⌠..≈.≈≈.≈.#..+
≈≈≈...≈≈≈.≈.≈≈.#..#
..≈≈≈≈≈..≈≈.≈.##..#
≈≈.....≈≈≈.≈≈.#⌠..#
.≈≈≈≈≈≈≈..≈≈..#...#
≈.......≈≈≈.⌠.#.o.#
≈≈≈≈≈≈≈≈≈....##o@.#
.........#####....#
##########⌠)).o...#
....)........)...##
............)...##
≈≈≈≈≈≈≈≈≈≈≈≈≈≈≈##
################


You could see 2 orc warriors and an orc.

Vanquished Creatures
  A wraith (D:8)
  A steam dragon (D:5)
  A water moccasin (D:5)
  A black bear (D:7)
  2 orc warriors (Bailey)
  3 ice beasts
  An ogre (D:6)
  4 centaurs
  Blork the orc (D:4)
  A phantom (D:5)
  3 gnoll sergeants
  2 scorpions (D:5)
  2 bullfrogs (D:6)
  6 wights
  A vampire bat (D:5)
  2 electric eels (D:7)
  2 gnoll boudas
  A jelly (D:7)
  2 orc priests
  A hound (D:7)
  2 sleepcaps
  3 iguanas
  An orc wizard (D:5)
  9 mummies
  16 gnolls
  4 adders
  A shadow imp (D:5)
  3 worms
  5 dart slugs
  30 orcs
  6 ball pythons
  14 bats
  3 endoplasms
  5 giant cockroaches
  3 gnoll zombies (Ossuary)
  8 goblins
  A hobgoblin (D:2)
  9 jackals
  3 quokkas
  A frilled lizard (D:1)
  A goblin zombie (D:7)
  5 kobolds
  3 kobold zombies
  3 orc zombies (Ossuary)
  4 rats
181 creatures vanquished.

Vanquished Creatures (others)
  2 orcs (Bailey)
  2 plants (D:3)
4 creatures vanquished.

Grand Total: 185 creatures vanquished

Notes
Turn   | Place    | Note
-------+----------+-------------------------------------------
     0 | D:1      | bande the Gargoyle Fighter began the quest for the Orb.
     0 | D:1      | Reached XP level 1. HP: 14/14 MP: 1/1
   121 | D:1      | Reached XP level 2. HP: 15/19 MP: 2/2
   287 | D:1      | Reached skill level 2 in Axes
   429 | D:1      | Reached XP level 3. HP: 21/24 MP: 3/3
   806 | D:2      | Found an ornate altar of the Wu Jian Council.
  1199 | D:2      | Identified 4 scrolls of acquirement
  1199 | D:2      | Acquired the +0 mask of the Dragon {Will+ Slay+3 SInv}
  1199 | D:2      | Found the +0 mask of the Dragon {Will+ Slay+3 SInv}
  1702 | D:3      | Acquired 632 gold pieces
  1704 | D:3      | Acquired the +3 warlock's mirror {omnireflect}
  1704 | D:3      | Found the +3 warlock's mirror {omnireflect}
  1724 | D:3      | Acquired 949 gold pieces
  1782 | D:3      | Gained mutation: Your spells are a little harder to cast,
                  | but a little more powerful. [potion of mutation]
  1782 | D:3      | Gained mutation: You have large cloven feet. [potion of
                  | mutation]
  1783 | D:3      | Lost mutation: You have large cloven feet. [potion of
                  | mutation]
  1783 | D:3      | Lost mutation: Your spells are a little harder to cast, but
                  | a little more powerful. [potion of mutation]
  1783 | D:3      | Gained mutation: You expend magic power (3 MP) to
                  | strengthen your wands. [potion of mutation]
  1848 | D:3      | Reached XP level 4. HP: 24/29 MP: 4/4
  2014 | D:3      | Reached skill level 3 in Axes
  2577 | D:4      | Reached XP level 5. HP: 29/33 MP: 5/5
  2614 | D:4      | Noticed Blork the orc
  2624 | D:4      | Killed Blork the orc
  2633 | D:4      | Acquired 979 gold pieces
  2703 | D:4      | Found a staircase to the Ecumenical Temple.
  2723 | Temple   | Entered the Ecumenical Temple
  2723 | Temple   | Found a transporter.
  2723 | Temple   | Found a transporter.
  2726 | Temple   | Found a transporter.
  2726 | Temple   | Found a transporter.
  2741 | Temple   | Became a worshipper of Warmaster Okawaru
  2849 | D:4      | Reached skill level 4 in Axes
  2855 | D:4      | Reached XP level 6. HP: 38/38 MP: 6/6
  2984 | D:4      | Found a sparkling altar of Nemelex Xobeh.
  3081 | D:5      | Entered Level 5 of the Dungeon
  3105 | D:5      | Reached skill level 1 in Invocations
  3164 | D:5      | Reached XP level 7. HP: 43/43 MP: 8/8
  3245 | D:5      | Noticed a steam dragon
  3252 | D:5      | Killed a steam dragon
  3253 | D:5      | Reached skill level 5 in Axes
  3273 | D:5      | Reached * piety under Okawaru
  3285 | D:5      | Found a sacrificial altar of Ru.
  3405 | D:5      | Reached skill level 5 in Armour
  3470 | D:5      | Reached XP level 8. HP: 40/48 MP: 10/10
  3836 | D:6      | Reached skill level 6 in Axes
  3881 | D:6      | Reached skill level 5 in Shields
  3895 | D:6      | Reached skill level 5 in Fighting
  3903 | D:6      | Reached skill level 1 in Evocations
  3981 | D:6      | Reached ** piety under Okawaru
  4211 | D:6      | Reached XP level 9. HP: 51/54 MP: 12/12
  4251 | D:5      | Reached skill level 7 in Axes
  4835 | D:7      | Found a sand-covered staircase.
  4842 | D:7      | Reached *** piety under Okawaru
  4851 | Ossuary  | Entered an ossuary
  5192 | D:7      | Found a shimmering blue altar of Sif Muna.
  5594 | D:8      | Reached skill level 5 in Invocations
  5668 | D:8      | Found a flagged portal.
  5692 | Bailey   | Entered a bailey
  5981 | Bailey   | Reached skill level 8 in Axes
  5988 | Bailey   | HP: 1/55 [orc warrior/+0 glaive (14)]
  5989 | Bailey   | Slain by an orc warrior

Illustrated notes

Levels and vault maps discovered:
D:1:      dpeg_arrival_solitude, layout_loops_cross
D:2:      layout_basic, basic_altar, kennysheep_generic_room_10
D:3:      cheibrodos_old_hovel, layout_loops_ring
D:4:      layout_gridville, nemelex_diamond_rough_becter, temple_pool_b,
          uniq_blork_the_orc
D:5:      layout_loops_ring, nicolae_ru_sacrificial_ziggurat, roderic_batcave
D:6:      layout_basic
D:7:      layout_loops_ring, lemuel_round_altar, nicolae_ossuary_entry_giza,
          st_stairs_14, kennysheep_flooded_box
D:8:      layout_loops_cross, lemuel_round_altar, amcnicky_altar_gilded,
          enter_bailey_5
Temple:   hellmonk_temple_divided_pantheon
Bailey:   bailey_polearm_flooded_kennysheep, bailey

Skill      XL: |  1  2  3  4  5  6  7  8  9 |
---------------+----------------------------+-----
Axes           | 2 3 4 5 6 8 |  8.0
Armour         | 4 5 6 |  6.4
Fighting       | 4 5 6 |  6.1
Shields        | 4 5 6 |  6.0
Invocations    | 1 3 4 5 |  5.4
Evocations     | 1 3 |  3.2
Stealth        | |  0.1

Action                     |  1- 3 |  4- 6 |  7- 9 || total
---------------------------+-------+-------+-------++-------
  Melee: War axe           |   132 |    91 |   341 ||   564
    Use: Scroll            |    15 |     4 |    11 ||    30
         Potion            |     2 |       |     5 ||     7
 Armour: Chain mail        |   101 |    50 |   314 ||   465
         Scale mail        |     1 |       |       ||     1
  Dodge: Dodged            |    53 |    28 |   146 ||   227
  Block: Buckler           |    41 |    39 |   234 ||   314
         Reflection        |       |     3 |     9 ||    12

Table legend: (Time is in decaauts)
 A = Elapsed time spent in this place.
 B = Non-inter-level travel time spent in this place.
 C = Inter-level travel time spent in this place.
 D = Time resting spent in this place.
 E = Time spent auto-exploring this place.
 F = Levels seen in this place.
 G = Mean time per level.
                   A        B        C        D        E       F      G
               +--------+--------+--------+--------+--------+-----+--------+
         Total |   6154 |   5948 |    206 |    560 |   3594 |  11 |  559.5 |
       Dungeon |   5592 |   5392 |    200 |    457 |   3431 |   8 |  699.0 |
        Temple |     36 |     30 |      6 |      0 |      0 |   1 |   36.0 |
       Ossuary |    224 |    224 |      0 |      0 |    117 |   1 |  224.0 |
        Bailey |    301 |    301 |      0 |    103 |     46 |   1 |  301.0 |
               +--------+--------+--------+--------+--------+-----+--------+

Top non-repeatable levels by time:
     D:5: 1025 daAuts
     D:2: 952 daAuts
     D:3: 782 daAuts
     D:1: 780 daAuts
     D:7: 709 daAuts
     D:6: 620 daAuts
     D:4: 618 daAuts
  Bailey: 301 daAuts
 Ossuary: 224 daAuts
     D:8: 104 daAuts
  Temple: 36 daAuts
